 Dungeon Crawl Stone Soup version 0.21.0-25-ge575cb9 (webtiles) character file.

2858 JeffiDaFish the Cleaver (level 9, -4/77 HPs)
             Began as a Minotaur Fighter on Jan 25, 2018.
             Killed from afar by an electric eel (5 damage)
             ... with a bolt of electricity
             ... on level 7 of the Dungeon.
             The game lasted 00:20:35 (6102 turns).

JeffiDaFish the Cleaver (Minotaur Fighter)          Turns: 6102, Time: 00:20:35

Health: -4/77      AC: 14    Str: 23 (24) XL:     9   Next: 47%
Magic:  8/8        EV:  8    Int:  4 (5)  God:
Gold:   525        SH: 12    Dex: 12      Spells: 8/8 levels left

rFire    . . .     SeeInvis .   a - +1 war axe
rCold    . . .     Gourm    .   c - +1 shield
rNeg     . . .     Faith    .   s - +1 chain mail
rPois    +         Spirit   .   (helmet restricted)
rElec    .         Reflect  .   (no cloak)
rCorr    .         Harm     .   (no gloves)
MR       .....                  n - +2 pair of boots
Stlth    +.........             (no amulet)
HPRegen  0.22/turn              h - +2 ring of strength
MPRegen  0.11/turn              x - ring of stealth

@: very slow
A: retaliatory headbutt, horns 2, camouflage 1, deterioration 1, poison
resistance
a: no special abilities


You were on level 7 of the Dungeon.
You were not hungry.

You visited 1 branch of the dungeon, and saw 7 of its levels.
You also visited: Sewer and Ossuary.

You collected 525 gold pieces.

Inventory:

Hand Weapons
 a - a +1 war axe (weapon)
 g - a +2 whip of electrocution
 z - a +2 flail of protection
Armour
 c - a +1 shield (worn)
 n - a +2 pair of boots (worn)
 s - a +1 chain mail (worn)
Jewellery
 h - a +2 ring of strength (left hand)
 x - a ring of stealth (right hand)
Wands
 b - a wand of polymorph (8)
 u - a wand of acid (8)
 B - a wand of random effects (11)
Scrolls
 j - 9 scrolls of identify
 k - 3 scrolls of magic mapping
 l - 9 scrolls of remove curse
 r - 5 scrolls of teleportation
 t - a scroll of blinking
 w - 2 scrolls of amnesia
 y - 2 scrolls of enchant armour
 A - a scroll of fog
Potions
 d - a potion of might
 e - 7 potions of curing
 i - 2 potions of haste
 m - a potion of ambrosia
 p - 2 potions of berserk rage
 q - a potion of heal wounds
 v - 2 potions of flight
Comestibles
 f - 17 rations
 o - 4 chunks of flesh


   Skills:
 + Level 6.3 Fighting
 + Level 11.6 Axes
 + Level 6.5 Armour
 + Level 3.3 Dodging
 + Level 1.1 Stealth
 + Level 6.9 Shields


You had 8 spell levels left.
You didn't know any spells.

Dungeon Overview and Level Annotations

Branches:
Dungeon (7/15)
 Temple: D:4-7

Altars:


Innate Abilities, Weirdness & Mutations

You reflexively headbutt those who attack you in melee.
You have a pair of horns on your head.
Your skin changes colour to match your surroundings (Stealth+).
Your body sometimes deteriorates upon taking damage.
Your system is resistant to poisons. (rPois)


Message History

The electric eel shoots out a bolt of lightning at you!
The bolt of electricity hits you!
The electric eel shoots out a bolt of lightning at you!
The bolt of electricity hits you!
The bolt of electricity hits the plant.
The electric eel shoots out a bolt of lightning at you!
The bolt of electricity hits the plant.
The bolt of electricity hits the electric eel.
The electric eel completely resists.
The bolt of electricity hits you!
* * * LOW HITPOINT WARNING * * *
The electric eel shoots out a bolt of lightning at you!
The bolt of electricity hits the electric eel.
The electric eel completely resists.
The bolt of electricity hits you!
* * * LOW HITPOINT WARNING * * *
The electric eel shoots out a bolt of lightning at you!
The bolt of electricity hits you!
* * * LOW HITPOINT WARNING * * *
Your body deteriorates!
You feel dopey.
The electric eel shoots out a bolt of lightning at you!
The bolt of electricity hits you!
You die...

≈≈≈≈≈≈≈P≈♣...#...###
P≈P;≈≈≈≈≈≈≈≈≈♣...###....
≈≈P≈≈≈≈≈≈≈≈♣♣...# ###..
♣P≈≈≈≈≈≈≈≈≈≈≈...# ##.#
♣♣≈≈≈;≈≈≈≈≈♣≈...## #..#
♣≈≈≈♣≈≈≈≈≈P≈♣..## #.##
♣P≈≈≈≈≈≈≈≈≈P..## #.#
♣≈≈P≈≈≈≈≈♣≈..<#####.#
♣≈♣;≈@P≈≈≈##......#.#
♣≈P≈≈≈≈≈≈###.####...##
#...♣≈P♣≈≈≈P#
#..##...... ###
♣≈≈≈≈≈♣## ##.##.#####
#≈♣P♣♣# #.##.# ##≈≈♣
#....##### ####
####...... #..###.. #.##
#..


You could see 3 electric eels.

Vanquished Creatures
  The ghost of XxsatanxX the Chopper, a novice HOBe of Trog (D:4)
  Eustachio (D:6)
  A water moccasin (D:6)
  A phantom (D:4)
  3 sky beasts
  A necrophage (D:4)
  An ogre (D:5)
  A crocodile (Sewer)
  An elf zombie (Ossuary)
  Blork the orc (D:4)
  A big kobold (D:6)
  3 bullfrogs
  A gnoll sergeant (D:6)
  A scorpion (D:6)
  5 wights (D:6)
  An electric eel (D:7)
  A crimson imp (D:6)
  2 hounds
  A bullfrog zombie (D:6)
  A jelly (D:6)
  3 orc priests
  An orc wizard (D:5)
  Ijyb (D:5)
  5 worker ants
  2 hound zombies
  4 mummies (Ossuary)
  A worker ant zombie (D:6)
  A howler monkey zombie (D:5)
  15 gnolls
  A howler monkey skeleton (D:5)
  11 adders
  An ooze (D:3)
  2 adder zombies (Ossuary)
  4 adder skeletons
  4 worms
  5 dart slugs
  8 leopard geckos
  18 orcs
  10 giant cockroaches
  8 goblins
  3 hobgoblins
  5 jackals
  2 quokkas
  5 bats
  2 frilled lizards
  2 goblin zombies (Ossuary)
  2 hobgoblin zombies (Ossuary)
  A jackal zombie (Ossuary)
  11 kobolds
  A kobold zombie (Ossuary)
  A leopard gecko skeleton (D:5)
  6 rats
  2 rat zombies (Ossuary)
177 creatures vanquished.

Notes
Turn   | Place    | Note
-------+----------+-------------------------------------------
     0 | D:1      | JeffiDaFish the Minotaur Fighter began the quest for the Orb.
     0 | D:1      | Reached XP level 1. HP: 19/19 MP: 0/0
   194 | D:1      | Reached XP level 2. HP: 27/27 MP: 1/1
   578 | D:2      | Reached XP level 3. HP: 21/33 MP: 2/2
   790 | D:2      | Reached skill level 3 in Axes
   828 | D:2      | Found a faded altar of an unknown god.
  1230 | D:2      | Reached XP level 4. HP: 40/40 MP: 3/3
  1516 | D:3      | Reached skill level 4 in Axes
  1549 | D:3      | Reached XP level 5. HP: 13/47 MP: 4/4
  1822 | D:3      | Reached skill level 1 in Dodging
  2189 | D:3      | Reached skill level 5 in Axes
  2467 | D:4      | Found a sand-covered staircase.
  2475 | Ossuary  | Entered an ossuary
  2491 | Ossuary  | Reached XP level 6. HP: 53/53 MP: 5/5
  2534 | Ossuary  | Reached skill level 6 in Axes
  2912 | D:4      | Noticed XxsatanxX's ghost (novice HOBe)
  2922 | D:4      | Killed XxsatanxX's ghost
  2922 | D:4      | Reached skill level 7 in Axes
  2922 | D:4      | Reached skill level 5 in Armour
  2922 | D:4      | Reached skill level 5 in Shields
  2922 | D:4      | Reached XP level 7. HP: 60/60 MP: 6/6
  2953 | D:4      | Noticed Blork the orc
  2962 | D:4      | Killed Blork the orc
  2962 | D:4      | Reached skill level 5 in Fighting
  2962 | D:4      | Reached skill level 8 in Axes
  3333 | D:4      | Reached XP level 8. HP: 64/68 MP: 7/7
  3681 | D:5      | Entered Level 5 of the Dungeon
  3702 | D:5      | Reached skill level 9 in Axes
  3783 | D:5      | Found a glowing drain.
  3811 | Sewer    | Entered a sewer
  3866 | Sewer    | Gained mutation: Your system is resistant to poisons. (rPois) [potion of mutation]
  3866 | Sewer    | Gained mutation: Potions are less effective at restoring your health. [potion of mutation]
  3866 | Sewer    | Gained mutation: You occasionally shout uncontrollably at your foes. [potion of mutation]
  3866 | Sewer    | Gained mutation: You are partially covered in icy blue scales. (AC +2) [potion of mutation]
  4015 | D:5      | Reached skill level 1 in Stealth
  4116 | D:5      | Lost mutation: You are partially covered in icy blue scales. (AC +2) [potion of mutation]
  4116 | D:5      | Lost mutation: You occasionally shout uncontrollably at your foes. [potion of mutation]
  4116 | D:5      | Lost mutation: Potions are less effective at restoring your health. [potion of mutation]
  4116 | D:5      | Gained mutation: Your body sometimes deteriorates upon taking damage. [potion of mutation]
  4116 | D:5      | Gained mutation: Your skin changes colour to match your surroundings (Stealth+). [potion of mutation]
  4176 | D:5      | Noticed Ijyb
  4189 | D:5      | Killed Ijyb
  4777 | D:6      | Reached skill level 10 in Axes
  4908 | D:6      | Noticed Eustachio
  4915 | D:6      | Killed Eustachio
  4915 | D:6      | Reached XP level 9. HP: 75/75 MP: 8/8
  5010 | D:6      | Reached skill level 11 in Axes
  6102 | D:7      | HP: 1/77 [electric eel/bolt of electricity (11)]
  6102 | D:7      | Killed from afar by an electric eel

Skill      XL: |  1  2  3  4  5  6  7  8  9 |
---------------+----------------------------+-----
Fighting       | 4 5 6 |  6.3
Armour         | 4 5 6 |  6.5
Shields        | 4 5 6 |  6.9
Axes           | 3 4 5 7 8 10 11 | 11.6
Dodging        | 1 2 3 |  3.3
Stealth        | 1 |  1.1

Action                   |  1- 3 |  4- 6 |  7- 9 || total
-------------------------+-------+-------+-------++-------
Melee: War axe           |    57 |   111 |   268 ||   436
       Headbutt          |     4 |    20 |    49 ||    73
  Use: Potion            |     7 |     3 |     5 ||    15
       Scroll            |     5 |     3 |     7 ||    15
  Eat: Chunk             |     1 |     4 |    12 ||    17
Armor: Scale mail        |    13 |    47 |    31 ||    91
       Chain mail        |       |       |    55 ||    55
Dodge: Dodged            |    17 |    44 |    75 ||   136
Block: Shield            |    20 |    63 |   127 ||   210
